AoeStats
← Lil Fabrice

Arena

510083998Analyzed
4v4 RM · 4d ago on Sep 29, 2026· 56m 53s· 8 players
Game mode
Random Map
Map size
Large (8 player)
Population
200
Speed
Normal
Resources
Standard
Victory
Conquest
Starting age
Dark Age
Ending age
Imperial Age
RankedLock teamsTeams togetherTeam positionsShared explorationLock speedFull tech treeHidden civsTurbo modeCheats
Victory
Defeat
🇫🇷 Burgundians · France
1547
+12
🇹🇼 Bulgarians · Taiwan
1478
+15
🇨🇦 Varangians · Canada
1366
+20
🇫🇷 Saxons · France
1280
+24
🇹🇼 Saxons · Taiwan
1490
-19
🇹🇼 Khmer · Taiwan
1459
-18
🇭🇰 Britons · Hong Kong SAR China
1444
-17
🇭🇰 Turks · Hong Kong SAR China
1433
-17
屌炸天
10:32 Feudal Age
16:01 Castle Age
14:26 Double-Bit Axe
14:23 Horse Collar
18:07 Bow Saw
28:56 Imperial Age
26:27 Crossbowman
28:14 Wheelbarrow
27:38 Gold Mining
28:42 Heavy Plow
29:23 Ballistics
30:23 Coinage
29:38 Arbalester
30:51 Squires
30:12 Pikeman
31:03 Scale Mail Armor
31:14 Forging
30:57 Fletching
31:32 Padded Archer Armor
31:32 Scale Mail Armor
31:42 Forging
32:20 Bodkin Arrow
34:05 Conscription
34:49 Bracer
35:08 Chain Mail Armor
36:47 Two-Man Saw
36:00 Halberdier
38:00 Chemistry
36:45 Elite Skirmisher
37:48 Leather Archer Armor
38:11 Yeomen
43:43 Plate Mail Armor
43:48 Iron Casting
快樂987
10:35 Feudal Age
11:34 Double-Bit Axe
14:29 Castle Age
12:28 Horse Collar
15:41 Bow Saw
16:09 Heavy Plow
19:01 Loom
19:51 Town Watch
22:39 Wheelbarrow
22:53 Gold Mining
24:26 Hand Cart
30:35 Imperial Age
28:37 Fletching
28:48 Padded Archer Armor
29:28 Bodkin Arrow
29:52 Squires
29:38 Gambesons
29:14 Pikeman
30:14 Leather Archer Armor
29:57 Clerical Recruitment
30:33 Treadmill Crane
31:03 Guard Tower
30:37 Heavy Mounted Crossbowman
31:45 Conscription
31:45 Redemption
32:36 Illumination
32:20 Bracer
32:34 Masonry
32:50 Ballistics
33:06 Keep
33:18 Gold Shaft Mining
33:19 Block Printing
34:01 Sanctity
34:17 Theocracy
33:56 Scale Mail Armor
34:07 Forging
33:35 Halberdier
36:25 Chain Mail Armor
36:46 Iron Casting
37:14 Ring Archer Armor
36:31 Arson
39:03 Two-Man Saw
38:34 Crop Rotation
38:18 Thumb Ring
37:33 Cranequins
38:50 Man-at-Arms
38:51 Elite Varangian Guard
42:04 Chemistry
41:10 Siege Engineers
41:36 Architecture
41:44 Shield Wall
41:47 Long Swordsman
42:58 Two-Handed Swordsman
43:43 Capped Ram
45:00 Guilds
45:26 Plate Mail Armor
44:39 Champion
45:53 Siege Ram
47:31 Murder Holes
47:22 Arrowslits
54:52 Elite Skirmisher
專業送分員
10:41 Feudal Age
10:31 Loom
16:20 Castle Age
18:16 Fletching
21:11 Double-Bit Axe
25:22 Wheelbarrow
27:17 Horse Collar
30:09 Hand Cart
30:16 Bow Saw
34:27 Imperial Age
32:34 Padded Archer Armor
34:14 Leather Archer Armor
34:05 Scale Barding Armor
35:43 Conscription
36:30 Ring Archer Armor
36:22 Chain Barding Armor
38:01 Ballistics
38:18 Artillery
38:46 Husbandry
38:57 Bloodlines
40:07 Plate Barding Armor
47:48 Forging
快樂 543
11:32 Feudal Age
12:19 Loom
14:38 Castle Age
12:57 Horse Collar
13:04 Double-Bit Axe
13:59 Gold Mining
15:58 Bow Saw
16:19 Heavy Plow
17:11 Stone Mining
21:22 Wheelbarrow
27:48 Imperial Age
25:36 Town Watch
26:35 Ballistics
26:53 Scale Barding Armor
26:49 Padded Archer Armor
26:43 Fletching
27:47 Bloodlines
27:37 Husbandry
29:10 Chain Barding Armor
29:15 Double Crossbow
30:45 Chemistry
30:28 Forging
32:24 Conscription
32:10 Elite Ballista Elephant
33:34 Scale Mail Armor
33:42 Murder Holes
34:48 Capped Ram
35:45 Pikeman
36:11 Arson
35:57 Siege Ram
37:09 Chain Mail Armor
37:19 Halberdier
38:36 Iron Casting
Kefko2112
5:27 Loom
11:41 Feudal Age
12:57 Double-Bit Axe
15:45 Castle Age
14:40 Horse Collar
16:52 Bow Saw
25:01 Wheelbarrow
24:31 Heavy Plow
25:06 Stone Mining
25:06 Gold Mining
29:21 Imperial Age
27:20 Forging
27:11 Scale Mail Armor
27:19 Scale Barding Armor
29:14 Iron Casting
28:59 Chain Barding Armor
29:46 Fletching
29:22 Elite Jarl
31:06 Blast Furnace
30:42 Plate Barding Armor
34:07 Plate Barding Armor
35:19 Fletching
37:34 Bloodlines
37:24 Husbandry
38:12 Bodkin Arrow
38:56 Bracer
43:26 Chemistry
42:46 Ballistics
47:16 Conscription
ss839059
7:09 Loom
9:15 Feudal Age
8:18 Loom
17:50 Double-Bit Axe
22:23 Castle Age
20:25 Horse Collar
24:09 Bow Saw
24:35 Wheelbarrow
29:30 Hand Cart
30:20 Gold Mining
30:39 Stone Mining
30:47 Stone Mining
34:28 Imperial Age
31:50 Fletching
32:14 Bodkin Arrow
32:54 Padded Archer Armor
33:18 Ballistics
33:43 Leather Archer Armor
33:22 Elite Skirmisher
34:20 Thumb Ring
34:42 Thumb Ring
34:45 Heavy Plow
35:11 Bracer
36:51 Crop Rotation
36:59 Gold Shaft Mining
38:24 Conscription
38:01 Stirrups
39:28 Chemistry
39:37 Coinage
40:39 Parthian Tactics
40:20 Heavy Cavalry Archer
43:08 Pikeman
43:49 Scale Mail Armor
43:59 Forging
44:55 Chain Mail Armor
45:16 Iron Casting
45:39 Onager
47:21 Plate Mail Armor
47:52 Blast Furnace
47:07 Siege Engineers
50:26 Caravan
renardoracle12
9:54 Feudal Age
8:33 Loom
11:46 Double-Bit Axe
17:03 Castle Age
16:36 Horse Collar
18:01 Bow Saw
18:22 Bow Saw
22:06 Heavy Plow
28:10 Wheelbarrow
30:36 Imperial Age
28:02 Gold Mining
28:15 Scale Mail Armor
30:52 Hand Cart
31:35 Forging
30:49 Pikeman
31:30 Squires
33:42 Gold Shaft Mining
32:58 Stone Mining
33:06 Onager
34:33 Block Printing
34:46 Halberdier
35:37 Clerical Recruitment
37:58 Shield Wall
40:20 Chain Mail Armor
40:40 Iron Casting
44:29 Plate Mail Armor
45:04 Conscription
45:12 Fortified Wall
44:46 Treadmill Crane
46:52 Masonry
46:14 Crossbowman
47:00 Thumb Ring
47:50 Fletching
48:02 Padded Archer Armor
49:15 Elite Skirmisher
52:06 Arbalester
56:24 Two-Man Saw
Lil Fabrice
5:46 Double-Bit Axe
6:34 Horse Collar
10:26 Feudal Age
14:30 Castle Age
13:17 Bow Saw
13:55 Heavy Plow
14:52 Light Cavalry
19:50 Husbandry
21:17 Wheelbarrow
23:20 Hand Cart
23:23 Town Watch
23:34 Gold Mining
25:34 Fortified Wall
28:45 Imperial Age
25:46 Cavalier
27:35 Scale Barding Armor
27:40 Forging
28:34 Town Patrol
28:20 Loom
29:21 Ballistics
29:46 Gold Shaft Mining
30:00 Chain Barding Armor
29:07 Paladin
31:47 Chemistry
31:47 Masonry
32:43 Ballistics
33:23 Plate Barding Armor
34:52 Iron Casting
37:52 Blast Furnace
39:26 Bombard Tower
40:49 Hussar
44:40 Scale Mail Armor
44:02 Pikeman
44:42 Squires
48:38 Conscription
52:00 Caravan
55:07 Padded Archer Armor
Connection lost

Rejoining the realm…

Still unreachable

The connection could not be restored.

Session expired

The server has moved on; the page needs a fresh start.